Map: Kairos Junction LE

Players

Namshar

  • Race: Zerg Zerg
  • League: Grandmaster
  • Spawn Location: 5:00

Lambo - Winner!

  • Race: Zerg Zerg
  • League: Grandmaster
  • Spawn Location: 11:00

VOD

Have the link to the VOD?

Description

Time

  • Played on: Jan. 11, 2019, 1:43 p.m.
  • Length: 5:38
Show
View Real Time Build Order
Export as new Build Order

Namshar Zerg 

Build Orders: Hatch First 

Get SALT Encoding   

  12  0:01  Drone  
  13  0:12  Overlord  
  13  0:17  Drone  
  14  0:30  Drone x2  
  16  0:47  Hatchery  
  15  0:50  Drone  
  15  0:54  Drone  
  17  1:08  Spawning Pool  
  16  1:11  Extractor  
  16  1:12  Drone  
  16  1:16  Drone  
  17  1:20  Drone  
  18  1:28  Drone  
  19  1:39  Drone  
  20  1:49  Overlord  
  20  1:54  Queen  
  20  1:59  Queen  
  20  2:00  Zergling x4  
  26  2:10  Metabolic Boost  
  26  2:12  Drone  
  26  2:13  Drone  
  28  2:20  Drone  
  28  2:22  Drone  
  30  2:32  Overlord  
  30  2:39  Hatchery  
  30  2:42  Drone  
  30  2:43  Drone  
  31  2:51  Drone  
  32  2:54  Drone x2  
  34  3:06  Zergling x2  
  34  3:07  Zergling x12  
  34  3:10  Zergling x2  
  42  3:15  Baneling Nest  
  42  3:19  Evolution Chamber  
  40  3:21  Drone  
  40  3:25  Overlord  
  41  3:27  Drone  
  41  3:33  Drone  
  43  3:45  Drone x6  
  43  3:46  Drone  
  48  3:52  Drone  
  48  3:53  Zergling x2  
  48  3:58  Queen  
  50  4:05  Baneling x2  
  50  4:06  Baneling  
  50  4:07  Baneling  
  50  4:13  Zergling x4  
  50  4:16  Overlord  
  54  4:21  Drone  
  54  4:22  Drone x3  
  54  4:24  Drone x2  
  58  4:25  Overlord  
  58  4:35  Drone  
  58  4:36  Drone x6  
  65  4:43  Queen  
  65  4:45  Queen, Overlord  
  68  4:47  Baneling  
  68  4:48  Baneling  
  68  4:50  Zergling x4  
  70  4:53  Zergling x4  
  72  5:00  Zergling x6  
  72  5:04  Zergling x2  
  72  5:05  Zergling x6  
  74  5:10  Zergling x2  
  71  5:15  Zergling x10  
  71  5:18  Baneling x2  
  71  5:19  Zergling x4  
Show
View Real Time Build Order
Export as new Build Order

Lambo Zerg - Winner!

Build Orders: Hatch First 

Get SALT Encoding   

  12  0:00  Drone  
  13  0:13  Overlord  
  13  0:16  Drone  
  14  0:31  Drone x2  
  16  0:48  Hatchery  
  15  0:51  Drone  
  15  0:55  Drone  
  17  0:58  Drone  
  18  1:09  Extractor  
  17  1:13  Spawning Pool  
  17  1:17  Drone  
  17  1:20  Drone  
  18  1:29  Drone  
  19  1:41  Drone  
  20  1:52  Drone  
  21  2:00  Queen x2  
  26  2:01  Drone  
  26  2:06  Overlord  
  26  2:11  Metabolic Boost  
  26  2:13  Drone x2  
  28  2:25  Drone x2  
  30  2:34  Zergling x4  
  32  2:39  Hatchery  
  31  2:44  Drone x2  
  31  2:49  Baneling Nest  
  32  2:54  Zergling x2  
  34  3:04  Hatchery  
  33  3:08  Overlord  
  33  3:09  Drone  
  33  3:11  Zergling x2  
  33  3:12  Zergling x2  
  36  3:20  Roach Warren  
  36  3:21  Zergling x2  
  36  3:27  Evolution Chamber  
  36  3:29  Overlord, Zergling x4  
  37  3:35  Baneling x3  
  34  4:00  Queen  
  34  4:01  Roach x4  
  44  4:06  Roach  
  46  4:18  Roach  
  46  4:20  Zergling x14  
  54  4:30  Roach  
  56  4:35  Overlord  
  56  4:38  Extractor  
  56  4:41  Roach  
  58  4:47  Overlord  
  58  4:50  Baneling  
  58  4:53  Overlord  
  58  4:56  Baneling  
  58  5:03  Zergling x2  
  58  5:04  Zergling x16  
  62  5:07  Zergling x4  
  62  5:10  Baneling  
  62  5:11  Baneling  
  62  5:14  Zergling x2  
Tags
 
Add a new tag
Caveats
  • Supply blocks, unpowered buildings, or Contaminate may cause inaccurate times.
  • Supply counts are checked every 10 seconds.